 Dungeon Crawl Stone Soup version 0.31-a0-1376-g36f0627 (webtiles) character file.

Game seed: 14352071249170449269

60 PublicAnimeNo1 the Ruffian (level 4, 0/42 HPs)
             Began as an Octopode Shapeshifter on Dec 24, 2023.
             Slain by Terence
             ... wielding a +0 flail
              (4 damage)
             ... on level 2 of the Dungeon.
             The game lasted 00:04:45 (1492 turns).

PublicAnimeNo1 the Ruffian (Octopode Shapeshifter)  Turns: 1492, Time: 00:04:45

Health: 0/42       AC: 22    Str: 15    XL:     4   Next: 4%
Magic:  4/4        EV:  2    Int: 12    God:
Gold:   136        SH:  0    Dex: 11    Spells: 3/3 levels left

rFire   . .          .
                       - Unarmed
rCold   . . .        (no shield)
rNeg    . . .        (helmet currently unavailable)
rPois   +            (no amulet)
rElec   .            (no ring)
rCorr   .            (no ring)
SInv    .            (no ring)
Will    .....        (no ring)
Stlth   ++           (no ring)
HPRegen 0.27/turn    (no ring)
MPRegen 0.09/turn    (no ring)
                     (no ring)

%: no passive effects
@: tree-form
A: stationary, stasis, torment immunity, boosted hp, almost no armour,
(amphibious), 8 rings, (camouflage 1), (gelatinous body 1), (nimble swimmer 1),
(tentacles)
a: no special abilities


You were on level 2 of the Dungeon.
You were a tree.
You visited 1 branch of the dungeon, and saw 2 of its levels.

You collected 136 gold pieces.

Inventory:

Missiles
 e - 6 poisoned darts
Talismans
 b - a beast talisman
 c - a flux talisman
Scrolls
 d - a scroll of enchant armour {unknown}
 g - a scroll of blinking {unknown}
 h - a scroll of brand weapon {unknown}
Potions
 f - a potion of might
 i - a potion of enlightenment


   Skills:
 + Level 1.6 Fighting
 + Level 2.4 Dodging
 + Level 1.8 Stealth
 * Level 3.7 Unarmed Combat
 + Level 3.2 Shapeshifting


You had 3 spell levels left.
You didn't know any spells.
Your spell library contained the following spells:

 Spells                   Type           Power      Damage    Failure   Level
 Ensorcelled Hibernation  Hex/Ice        0%         N/A       45%         2
 Passwall                 Alch/Erth      0%         N/A       45%         2
 Swiftness                Air            0%         N/A       69%         3


Dungeon Overview and Level Annotations

Branches:
Dungeon (2/15)

Altars:

Annotations:
D:2 exclusion: adder, Terence


Innate Abilities, Weirdness & Mutations

You are a tree.
Your roots penetrate the ground, keeping you stationary.
You cannot be teleported.
You are immune to unholy pain and torment.
Your maximum health is greatly increased.
You cannot wear most types of armour.
((You are amphibious.))
You can wear up to eight rings at the same time.
((Your skin changes colour to match your surroundings (Stealth+).))
((Your rubbery body absorbs attacks. (AC +1, EV +1)))
((You are camouflaged when in or above water. (Stealth+)))
((You have tentacles for arms and can constrict up to eight enemies at once.))


Message History

There are monsters nearby!
Terence shouts!
The kobold shouts!
The kobold throws a stone.
The stone hits you.
Okay, then.
Okay, then.
Okay, then.
Press: ? - help, v - describe, . - travel
Here: Terence, wielding a +0 flail and wearing a +0 chain mail The floor.
You tentacle-slap Terence but do no damage.
Your grab misses Terence. You squeeze Terence, but do no damage.
Terence hits you with a +0 flail.
You tentacle-slap Terence. You grab Terence. You squeeze Terence.
Terence is heavily wounded.
You constrict Terence, but do no damage.
Terence barely misses you.
You tentacle-slap Terence.
Terence is heavily wounded.
You constrict Terence. Terence hits you with a +0 flail!
You tentacle-slap Terence but do no damage.
You squeeze Terence, but do no damage.
Terence is severely wounded.
You constrict Terence.
Terence shouts, "Get ready for death!"
Terence hits you with a +0 flail.
You tentacle-slap Terence but do no damage.
Your squeeze misses Terence.
Terence is almost dead.
You constrict Terence, but do no damage.
Terence hits you with a +0 flail.
* * * LOW HITPOINT WARNING * * *
Your transformation has ended.
You turn into a tree.
Your roots penetrate the ground.
You lose your grip on Terence.
Terence hits you with a +0 flail!
* * * LOW HITPOINT WARNING * * *
You barely miss Terence.
Terence is almost dead.
Terence hits you with a +0 flail.
You die...
Terence says, "Time to find some more victims."

######.#.#...### #......##
.......#.#K....#### ## ##.......#
########.............. .........#
....# #.@..######...########...#
###.# #....# #...##....(..#.# #
#.# #....# #...##.#####.#+# #
#.####....# #.#..#.# #....
###.##......######.#..#.# #....
..#.......#...K@♣.......#####....
#..............###.###..^....>#'#
#.########.###................#..
#.##.......###.......##.#########
#.##.####.......####.# .... #
#.##.# #...###.# #.# ... # .....#
#.......# #.# .. #
.########.#.###.####.##.# #
............# #.......#.# ####


You could see Terence and a kobold.

Vanquished Creatures
  An adder (D:2)
  2 dart slugs (D:1)
  4 bats
  3 endoplasms (D:1)
  4 giant cockroaches (D:1)
  2 hobgoblins
  4 jackals (D:1)
  4 quokkas
  4 ball pythons
  6 frilled lizards
  3 goblins (D:1)
  2 kobolds
  4 rats
43 creatures vanquished.

Notes
Turn   | Place    | Note
-------+----------+-------------------------------------------
     0 | D:1      | PublicAnimeNo1 the Octopode Shapeshifter began the quest
                  | for the Orb.
     0 | D:1      | Reached XP level 1. HP: 13/13 MP: 1/1
   132 | D:1      | Reached XP level 2. HP: 15/18 MP: 2/2
   402 | D:1      | Reached skill level 1 in Stealth
   567 | D:1      | Reached XP level 3. HP: 21/23 MP: 3/3
  1034 | D:2      | Noticed Terence
  1241 | D:2      | Reached XP level 4. HP: 24/28 MP: 4/4
  1492 | D:2      | Slain by Terence

Illustrated notes

Levels and vault maps discovered:
D:1:      dpeg_arrival_central, layout_basic
D:2:      layout_basic, uniq_terence

Skill      XL: |  1  2 |
---------------+-------+-----
Stealth        | 1 |  1.8
Fighting       | |  1.6
Dodging        | |  2.4
Unarmed Combat | |  3.7
Shapeshifting  | |  3.2

Action                     |  1- 3 |  4- 6 || total
---------------------------+-------+-------++-------
  Melee: Unarmed           |    68 |    10 ||    78
         Constrict         |    15 |     2 ||    17
         Tentacles         |    11 |     5 ||    16
         Punch             |     2 |       ||     2
    Use: Scroll            |     2 |       ||     2
         Potion            |       |     1 ||     1
   Stab: Sleeping          |    15 |       ||    15
 Armour: Skin              |    20 |     9 ||    29
  Dodge: Dodged            |    35 |     3 ||    38

Table legend: (Time is in decaauts)
 A = Elapsed time spent in this place.
 B = Non-inter-level travel time spent in this place.
 C = Inter-level travel time spent in this place.
 D = Time resting spent in this place.
 E = Time spent auto-exploring this place.
 F = Levels seen in this place.
 G = Mean time per level.
                   A        B        C        D        E       F      G
               +--------+--------+--------+--------+--------+-----+--------+
         Total |   1487 |   1431 |     56 |     37 |    925 |   2 |  743.5 |
       Dungeon |   1487 |   1431 |     56 |     37 |    925 |   2 |  743.5 |
               +--------+--------+--------+--------+--------+-----+--------+

Top non-repeatable levels by time:
     D:1: 952 daAuts
     D:2: 534 daAuts
